 Dungeon Crawl Stone Soup version 0.21.1-1-g345015f (webtiles) character file.

697 inc the Magician (level 7, -1/51 HPs)
             Began as a Gnoll Wizard on June 9, 2018.
             Was a Follower of Ashenzari.
             Engulfed by a steam dragon's steam (9 damage)
             ... on level 7 of the Dungeon.
             The game lasted 00:10:02 (5041 turns).

inc the Magician (Gnoll Wizard)                     Turns: 5041, Time: 00:10:02

Health: -1/51      AC:  9    Str: 12    XL:     7   Next: 65%
Magic:  10/18      EV: 10    Int: 20    God:    Ashenzari [*.....]
Gold:   202        SH:  4    Dex: 11    Spells: 15/21 levels left

rFire    . . .     SeeInvis .   u - +1 dagger (drain)
rCold    . . .     Gourm    .   s - +0 buckler (curse)
rNeg     . . .     Faith    .   w - +0 scale mail
rPois    .         Spirit   .   C - +2 hat
rElec    .         Reflect  .   (no cloak)
rCorr    .         Harm     .   A - +0 pair of gloves
MR       .....                  (no boots)
Stlth    +.........             (no amulet)
HPRegen  0.17/turn              B - ring of wizardry (curse)
MPRegen  0.16/turn              q - -2 ring of dexterity (curse)

@: no status effects
A: distributed training, fangs 1, strong nose
a: Curse Item, Scrying, Renounce Religion


You were on level 7 of the Dungeon.
You worshipped Ashenzari.
Ashenzari was aware of your devotion.
You were hungry.

You visited 1 branch of the dungeon, and saw 7 of its levels.

You collected 202 gold pieces.

Inventory:

Hand Weapons
 e - a +0 dagger
 u - a +1 dagger of draining (weapon)
Armour
 a - a +0 robe
 b - a +0 hat
 s - a cursed +0 buckler (worn)
 w - a +0 scale mail (worn)
 A - a +0 pair of gloves (worn)
 C - a +2 hat (worn)
Jewellery
 p - an uncursed ring of stealth
 q - a cursed -2 ring of dexterity (right hand)
 y - an uncursed ring of fire
 B - a cursed ring of wizardry (left hand)
 F - an uncursed amulet of magic regeneration
Wands
 E - a wand of paralysis (13)
Scrolls
 g - a scroll of immolation {unknown}
 k - a scroll of enchant weapon {unknown}
 l - 3 scrolls of identify
 n - 3 scrolls of teleportation {unknown}
 r - a scroll of noise {unknown}
 t - a scroll of enchant armour {unknown}
 v - 2 scrolls of random uselessness {unknown}
 x - a scroll of fog {unknown}
 z - a scroll of blinking {unknown}
 D - a scroll of amnesia {unknown}
Potions
 f - 3 potions of haste
 h - 4 potions of curing
 i - 3 potions of agility
 j - a potion of flight
 m - 2 potions of degeneration
 o - 3 potions of heal wounds
 G - a potion of resistance {unknown}
Books
 c - a book of Minor Magic

   Spells                             Type                      Level
   a - Magic Dart                     Conjuration                  1
   b - Blink                          Translocation                2
   c - Call Imp                       Summoning                    2
   d - Slow                           Hexes                        2
   e - Conjure Flame                  Conjuration/Fire             3
   f - Mephitic Cloud                 Conjuration/Poison/Air       3
 H - a Young Poisoner's Handbook

   Spells                             Type                      Level
   a - Sting                          Conjuration/Poison           1
   b - Poisonous Vapours              Poison/Air                   2
   c - Mephitic Cloud                 Conjuration/Poison/Air       3
   d - Olgreb's Toxic Radiance        Poison                       4
   e - Venom Bolt                     Conjuration/Poison           5
Comestibles
 d - 15 rations


   Skills:
 + Level 2.5 Fighting
 + Level 2.5 Short Blades
 + Level 2.5 Long Blades
 + Level 2.5 Axes
 + Level 2.5 Maces & Flails
 + Level 2.5 Polearms
 + Level 2.5 Staves
 + Level 2.5 Slings
 + Level 2.5 Bows
 + Level 2.5 Crossbows
 + Level 2.5 Throwing
 + Level 2.5 Armour
 + Level 5.3 Dodging
 + Level 4.9 Stealth
 + Level 2.5 Shields
 + Level 2.5 Unarmed Combat
 + Level 7.6 Spellcasting
 + Level 3.0 Conjurations
 + Level 2.1 Hexes
 + Level 2.1 Charms
 + Level 3.0 Summonings
 + Level 2.1 Necromancy
 + Level 3.0 Translocations
 + Level 2.1 Transmutations
 + Level 2.1 Fire Magic
 + Level 2.1 Ice Magic
 + Level 2.1 Air Magic
 + Level 2.1 Earth Magic
 + Level 2.1 Poison Magic
 + Level 2.8 Invocations
 + Level 2.5 Evocations


You had 15 spell levels left.
You knew the following spells:

 Your Spells              Type           Power        Failure   Level  Hunger
a - Magic Dart            Conj           ###.         6%          1    None
b - Blink                 Tloc           N/A          10%         2    None
c - Mephitic Cloud        Conj/Pois/Air  ###.....     24%         3    None


Dungeon Overview and Level Annotations

Branches:
Dungeon (7/15)
 Temple: D:4-7

Altars:
Ashenzari
Elyvilon
Nemelex Xobeh
Okawaru
Sif Muna
Vehumet
Yredelemnul

Annotations:
D:5 Raikon's ghost, novice HOFi


Innate Abilities, Weirdness & Mutations

Your experience applies equally to all skills.
You have very sharp teeth.
Your uncanny sense of smell can sniff out nearby items.


Message History

You hit the steam dragon but do no damage.
The steam dragon is moderately wounded.
The worker ant zombie waves its antennae.
The steam dragon bites you but does no damage.
The steam dragon barely misses you.
You hit the steam dragon but do no damage.
The steam dragon is moderately wounded.
The worker ant zombie bites you.
The steam dragon bites you but does no damage.
The steam dragon claws you.
You closely miss the steam dragon.
The steam dragon is lightly wounded.
The worker ant zombie closely misses you.
The steam dragon breathes steam at you. The ball of steam hits you!
* * * LOW HITPOINT WARNING * * *
Your shield and scale mail prevent you from hitting the steam dragon.
The steam dragon is lightly wounded.
You are engulfed in a cloud of scalding steam.
You die...

########## .........#
########.# #######.# #######
#.......# ######.....#
#.####### #....#.....#
#.#########....#.....### #####
#>.....).....§§@D....'.#.....#
#.###..........#Z....#...# #.#
#..[...$...#.....##.!# ##.#
#..........#.....# §.# ...#
#..........#........§.. #..#
#.......#............§.. #..#
#.......#................+
#..#
#.......#?.....(......D..#
#?.###.(.....## ......#


You could see a steam dragon and a worker ant zombie.

Vanquished Creatures
  An orc warrior (D:3)
  An ice beast (D:7)
  A wyvern skeleton (D:6)
  A scorpion (D:5)
  A howler monkey (D:4)
  A centaur zombie (D:5)
  2 hounds (D:5)
  2 orc wizards
  A worker ant (D:4)
  4 gnolls (D:2)
  7 adders
  3 shadow imps
  An adder zombie (D:5)
  A worm (D:3)
  2 leopard geckos
  11 orcs
  4 giant cockroaches
  8 goblins
  6 hobgoblins
  A quokka (D:4)
  5 bats
  3 frilled lizards
  6 kobolds
  8 rats
  A spectral orc (D:3)
82 creatures vanquished.

Notes
Turn   | Place    | Note
-------+----------+-------------------------------------------
     0 | D:1      | inc the Gnoll Wizard began the quest for the Orb.
     0 | D:1      | Reached XP level 1. HP: 13/13 MP: 8/8
   294 | D:1      | Reached XP level 2. HP: 19/19 MP: 7/10
   814 | D:2      | Reached XP level 3. HP: 25/25 MP: 5/11
   854 | D:2      | Reached skill level 1 in Invocations
   952 | D:2      | Reached skill level 1 in Fighting
   952 | D:2      | Reached skill level 1 in Short Blades
   952 | D:2      | Reached skill level 1 in Long Blades
   952 | D:2      | Reached skill level 1 in Axes
   952 | D:2      | Reached skill level 1 in Maces & Flails
   952 | D:2      | Reached skill level 1 in Polearms
   952 | D:2      | Reached skill level 1 in Staves
   952 | D:2      | Reached skill level 1 in Slings
   952 | D:2      | Reached skill level 1 in Bows
   952 | D:2      | Reached skill level 1 in Crossbows
   952 | D:2      | Reached skill level 1 in Throwing
   952 | D:2      | Reached skill level 1 in Armour
   952 | D:2      | Reached skill level 1 in Shields
   952 | D:2      | Reached skill level 1 in Unarmed Combat
   952 | D:2      | Reached skill level 1 in Evocations
   952 | D:2      | Reached XP level 4. HP: 32/32 MP: 0/13
  1019 | D:2      | Found a white marble altar of Elyvilon.
  1125 | D:2      | Found a deep blue altar of Sif Muna.
  1207 | D:2      | Found a shattered altar of Ashenzari.
  1217 | D:2      | Became a worshipper of Ashenzari the Shackled
  1249 | D:2      | Found an iron altar of Okawaru.
  1502 | D:2      | Reached skill level 1 in Hexes
  1502 | D:2      | Reached skill level 1 in Charms
  1502 | D:2      | Reached skill level 1 in Necromancy
  1502 | D:2      | Reached skill level 1 in Transmutations
  1502 | D:2      | Reached skill level 1 in Fire Magic
  1502 | D:2      | Reached skill level 1 in Ice Magic
  1502 | D:2      | Reached skill level 1 in Air Magic
  1502 | D:2      | Reached skill level 1 in Earth Magic
  1502 | D:2      | Reached skill level 1 in Poison Magic
  1860 | D:3      | Reached XP level 5. HP: 37/37 MP: 10/14
  2369 | D:3      | Learned a level 2 spell: Blink
  2610 | D:3      | Noticed an orc warrior
  2638 | D:3      | Killed an orc warrior
  2638 | D:3      | Reached XP level 6. HP: 37/44 MP: 6/16
  2786 | D:3      | Found a radiant altar of Vehumet.
  2815 | D:3      | Found a basalt altar of Yredelemnul.
  2963 | D:4      | Found a sparkling altar of Nemelex Xobeh.
  3361 | D:4      | Reached skill level 5 in Dodging
  3688 | D:4      | Reached * piety under Ashenzari
  3816 | D:5      | Entered Level 5 of the Dungeon
  3831 | D:5      | Noticed Raikon's ghost (novice HOFi)
  4057 | D:5      | Reached XP level 7. HP: 39/50 MP: 3/18
  4756 | D:6      | Learned a level 3 spell: Mephitic Cloud
  5022 | D:7      | Noticed a steam dragon
  5041 | D:7      | Engulfed by a steam dragon's steam

Skill      XL: |  1  2  3  4  5  6  7 |
---------------+----------------------+-----
Conjurations   | 2 3 |  3.0
Summonings     | 2 3 |  3.0
Translocations | 2 3 |  3.0
Invocations    | 1 2 |  2.8
Fighting       | 1 2 |  2.5
Short Blades   | 1 2 |  2.5
Long Blades    | 1 2 |  2.5
Axes           | 1 2 |  2.5
Maces & Flails | 1 2 |  2.5
Polearms       | 1 2 |  2.5
Staves         | 1 2 |  2.5
Slings         | 1 2 |  2.5
Bows           | 1 2 |  2.5
Crossbows      | 1 2 |  2.5
Throwing       | 1 2 |  2.5
Armour         | 1 2 |  2.5
Shields        | 1 2 |  2.5
Unarmed Combat | 1 2 |  2.5
Evocations     | 1 2 |  2.5
Hexes          | 1 2 |  2.1
Charms         | 1 2 |  2.1
Necromancy     | 1 2 |  2.1
Transmutations | 1 2 |  2.1
Fire Magic     | 1 2 |  2.1
Ice Magic      | 1 2 |  2.1
Air Magic      | 1 2 |  2.1
Earth Magic    | 1 2 |  2.1
Poison Magic   | 1 2 |  2.1
Dodging        | 5 |  5.3
Stealth        | |  4.9
Spellcasting   | |  7.6

Action                   |  1- 3 |  4- 6 |  7- 9 || total
-------------------------+-------+-------+-------++-------
Melee: Dagger            |       |   116 |    44 ||   160
       Bite              |       |     4 |       ||     4
 Cast: Magic Dart        |    50 |   136 |    50 ||   236
       Blink             |       |       |     5 ||     5
Invok: Curse Item        |       |     1 |     1 ||     2
  Use: Scroll            |       |       |     6 ||     6
  Eat: Chunk             |       |     9 |     3 ||    12
Armor: Scale mail        |       |    68 |    20 ||    88
Dodge: Dodged            |     3 |    73 |    23 ||    99
Block: Buckler           |       |    26 |    14 ||    40
